AoeStats
← Eyaculador de Poemas

Black Forest

506148784Analyzed
4v4 RM · 20d ago on Sep 12, 2026· 69m 16s· 8 players
Game mode
Random Map
Map size
Large (8 player)
Population
200
Speed
Normal
Resources
Standard
Victory
Conquest
Starting age
Dark Age
Ending age
Imperial Age
RankedLock teamsTeams togetherTeam positionsShared explorationLock speedFull tech treeHidden civsTurbo modeCheats
Victory
Defeat
🇨🇳 Bohemians · China
1194
+13
🇨🇳 Bohemians · China
1113
+16
🇨🇳 Magyars · China
1067
+18
🇨🇳 Turks · China
1042
+19
🇹🇷 Magyars · Türkiye
1244
-21
🇩🇪 Mongols · Germany
1212
-20
1131
-17
🇷🇴 Vikings · Romania
886
-8
屋顶上的轻骑兵
0:37 Loom
13:13 Feudal Age
18:23 Castle Age
16:43 Double-Bit Axe
16:40 Horse Collar
17:16 Stone Mining
20:35 Bow Saw
21:21 Heavy Plow
25:06 Wheelbarrow
32:04 Imperial Age
29:39 Gold Mining
29:58 Town Watch
30:54 Padded Archer Armor
32:16 Gold Shaft Mining
32:00 Leather Archer Armor
33:28 Conscription
33:01 Fletching
33:41 Fortified Wall
36:40 Two-Man Saw
37:26 Treadmill Crane
37:42 Murder Holes
38:22 Hand Cart
40:29 Ring Archer Armor
39:55 Bodkin Arrow
41:30 Forging
42:57 Artillery
42:20 Elite Janissary
43:10 Caravan
46:24 Bracer
46:25 Scale Mail Armor
48:57 Heavy Camel Rider
49:17 Cavalier
49:58 Husbandry
50:08 Bloodlines
50:53 Iron Casting
52:52 Heavy Camel Rider
60:56 Blast Furnace
60:03 Scale Barding Armor
62:04 Man-at-Arms
62:45 Squires
63:07 Long Swordsman
64:02 Town Patrol
63:47 Two-Handed Swordsman
65:16 Champion
65:42 Arson
精锐磁暴步兵
10:17 Feudal Age
11:00 Double-Bit Axe
16:01 Castle Age
14:05 Horse Collar
17:14 Bow Saw
17:37 Heavy Plow
18:21 Fervor
22:56 Wheelbarrow
22:52 Loom
24:06 Hand Cart
27:57 Imperial Age
25:16 Town Watch
25:34 Padded Archer Armor
25:34 Scale Mail Armor
27:23 Chemistry
27:37 Leather Archer Armor
27:37 Chain Mail Armor
26:47 Pikeman
27:27 Squires
29:46 Two-Man Saw
29:02 Fletching
29:58 Ring Archer Armor
30:09 Bodkin Arrow
30:36 Ballistics
29:50 Halberdier
31:38 Plate Mail Armor
30:44 Elite Skirmisher
31:35 Forging
32:43 Bracer
33:18 Iron Casting
34:37 Siege Engineers
34:54 Bombard Tower
34:54 Arson
36:10 Blast Furnace
34:31 Man-at-Arms
34:53 Houfnice
36:21 Scale Barding Armor
37:49 Bombard Tower
37:39 Masonry
38:55 Wagenburg Tactics
39:11 Conscription
40:32 Treadmill Crane
45:57 Hussite Reforms
47:24 Redemption
47:30 Block Printing
47:40 Illumination
47:50 Theocracy
47:36 Sanctity
51:03 Caravan
54:33 Town Patrol
59:29 Light Cavalry
60:09 Husbandry
60:30 Chain Barding Armor
62:58 Long Swordsman
63:54 Capped Ram
64:55 Two-Handed Swordsman
67:57 Atonement
67:32 Onager
67:46 Elite Hussite Wagon
棒棒糖
0:56 Loom
11:47 Feudal Age
13:59 Double-Bit Axe
15:20 Bloodlines
20:28 Horse Collar
24:36 Castle Age
22:57 Gold Mining
23:56 Wheelbarrow
24:15 Stone Mining
27:56 Gold Shaft Mining
27:51 Husbandry
28:27 Bow Saw
28:24 Heavy Plow
31:04 Fletching
31:15 Padded Archer Armor
31:16 Scale Mail Armor
30:50 Elite Skirmisher
39:36 Imperial Age
37:11 Corvinian Army
37:52 Scale Barding Armor
38:04 Chain Mail Armor
38:32 Thumb Ring
38:50 Arson
41:05 Parthian Tactics
41:04 Conscription
40:47 Recurve Bow
41:56 Leather Archer Armor
41:36 Bodkin Arrow
42:13 Chain Barding Armor
42:20 Ballistics
41:51 Heated Shot
41:41 Treadmill Crane
41:57 Murder Holes
42:43 Hand Cart
42:14 Town Watch
43:13 Crop Rotation
43:42 Heavy Cavalry Archer
45:08 Ring Archer Armor
44:55 Caravan
48:32 Plate Barding Armor
49:40 Bracer
50:48 Chemistry
51:00 Two-Man Saw
50:46 Hoardings
51:24 Elite Magyar Huszar
55:18 Capped Ram
60:31 Pikeman
帝国种田大户
11:42 Feudal Age
15:58 Castle Age
14:25 Double-Bit Axe
19:09 Bow Saw
21:08 Horse Collar
21:19 Horse Collar
25:07 Heavy Plow
26:04 Wheelbarrow
28:32 Chemistry
27:57 Ballistics
27:23 Treadmill Crane
28:13 Hand Cart
31:40 Imperial Age
33:45 Two-Man Saw
32:22 Elite Hussite Wagon
33:13 Wagenburg Tactics
33:30 Conscription
34:12 Scale Mail Armor
34:03 Fletching
36:39 Houfnice
41:52 Bombard Tower
41:44 Masonry
47:20 Padded Archer Armor
47:16 Bodkin Arrow
51:28 Caravan
56:23 Bracer
56:39 Leather Archer Armor
59:40 Ring Archer Armor
62:29 Architecture
62:06 Elite Skirmisher
66:37 Siege Engineers
66:43 Onager
Eyaculador de Poemas
0:26 Loom
12:25 Feudal Age
14:26 Wheelbarrow
13:59 Double-Bit Axe
13:57 Horse Collar
19:50 Castle Age
18:24 Fletching
20:20 Padded Archer Armor
21:05 Bow Saw
23:17 Hand Cart
33:07 Imperial Age
31:42 Ballistics
32:27 Wagenburg Tactics
32:29 Caravan
32:52 Bodkin Arrow
33:13 Leather Archer Armor
34:26 Chemistry
33:37 Masonry
33:34 Murder Holes
33:25 Treadmill Crane
34:22 Conscription
34:39 Town Watch
34:27 Houfnice
35:52 Bracer
52:17 Elite Skirmisher
53:45 Ring Archer Armor
Azazel
2:03 Loom
11:07 Feudal Age
16:22 Castle Age
14:42 Double-Bit Axe
14:42 Horse Collar
19:49 Bow Saw
25:38 Gold Mining
25:39 Stone Mining
26:41 Forging
26:35 Scale Mail Armor
27:17 Gold Shaft Mining
26:46 Heavy Plow
28:40 Gambesons
28:16 Man-at-Arms
31:39 Imperial Age
30:25 Iron Casting
30:06 Chain Mail Armor
29:37 Long Swordsman
31:10 Caravan
32:05 Two-Handed Swordsman
33:52 Blast Furnace
33:23 Plate Mail Armor
33:19 Fortified Wall
34:23 Chemistry
32:56 Champion
34:40 Crop Rotation
34:24 Chieftains
38:13 Two-Man Saw
41:07 Conscription
40:08 Elite Berserk
43:47 Elite Skirmisher
48:49 Padded Archer Armor
48:39 Fletching
66:58 Leather Archer Armor
66:39 Bodkin Arrow
67:24 Ballistics
Szorinx
5:50 Loom
13:11 Feudal Age
15:07 Double-Bit Axe
15:03 Horse Collar
18:36 Castle Age
22:06 Fletching
22:17 Padded Archer Armor
22:46 Bow Saw
22:37 Heavy Plow
25:39 Wheelbarrow
26:35 Gold Mining
26:35 Stone Mining
27:23 Bodkin Arrow
27:57 Leather Archer Armor
29:32 Hand Cart
33:05 Imperial Age
33:33 Ballistics
34:26 Conscription
34:15 Thumb Ring
34:36 Parthian Tactics
34:15 Bracer
33:37 Elite Mangudai
34:31 Bloodlines
34:22 Husbandry
35:49 Chemistry
34:19 Light Cavalry
36:44 Hussar
37:30 Scale Barding Armor
37:35 Forging
38:46 Chain Barding Armor
39:50 Iron Casting
41:06 Capped Ram
42:24 Drill
42:55 Siege Ram
45:03 Blast Furnace
44:53 Caravan
50:56 Masonry
50:40 Heavy Camel Rider
51:56 Onager
53:13 Town Watch
54:39 Nomads
55:15 Hoardings
55:12 Siege Onager
56:00 Siege Engineers
55:59 Murder Holes
60:14 Devotion
Nghtly
0:39 Loom
12:12 Feudal Age
16:52 Castle Age
14:56 Horse Collar
16:10 Double-Bit Axe
28:55 Bow Saw
29:06 Fletching
29:45 Ballistics
31:32 Thumb Ring
31:28 Bodkin Arrow
31:33 Padded Archer Armor
32:12 Wheelbarrow
31:23 Town Watch
31:49 Heavy Plow
31:43 Gold Mining
31:43 Stone Mining
31:49 Stone Mining
33:27 Light Cavalry
34:17 Bloodlines
34:08 Husbandry
34:16 Scale Barding Armor
37:20 Imperial Age
39:41 Caravan
48:17 Hussar
49:37 Chain Barding Armor
50:59 Plate Barding Armor
50:48 Conscription
51:25 Hand Cart
51:51 Gold Shaft Mining
52:15 Bracer
52:33 Leather Archer Armor
53:39 Two-Man Saw
54:09 Elite Skirmisher
56:17 Chemistry
60:42 Treadmill Crane
62:22 Pikeman
62:48 Arson
Connection lost

Rejoining the realm…

Still unreachable

The connection could not be restored.

Session expired

The server has moved on; the page needs a fresh start.